 Dungeon Crawl Stone Soup version 0.32-a0-422-g28b100f618 (webtiles) character file.

Game seed: 2188469456385402075

120 Alarak the Trooper (level 5, -2/36 HPs)
             Began as a Gargoyle Fighter on Feb 22, 2024.
             Incinerated by a bombardier beetle (9 damage)
             ... with a burning spray
             ... on level 3 of the Dungeon.
             The game lasted 00:03:04 (1868 turns).

Alarak the Trooper (Gargoyle Fighter)               Turns: 1868, Time: 00:03:04

Health: -2/36      AC: 14    Str: 21    XL:     5   Next: 4%
Magic:  5/5        EV:  7    Int:  9    God:
Gold:   114        SH:  4    Dex:  9    Spells: 4/4 levels left

rFire   . . .        a - +0 flail
rCold   . . .        c - +0 buckler
rNeg    + . .        k - +0 chain mail
rPois   ∞            (no helmet)
rElec   +            l - +0 cloak
rCorr   .            (no gloves)
SInv    .            (no boots)
Will    .....        (no amulet) Stlth
                     (no ring)
HPRegen 0.26/turn    (no ring)
MPRegen 0.09/turn

%: no passive effects
@: on fire, glowing
A: sickness immunity, AC +4, negative energy resistance 1, electricity
resistance, torment resistance 1, petrification resistance
a: no special abilities


You were on level 3 of the Dungeon.
You visited 1 branch of the dungeon, and saw 3 of its levels.

You collected 114 gold pieces.

Inventory:

Hand Weapons
 a - a +0 flail (weapon)
Armour
 b - a +0 scale mail
 c - a +0 buckler (worn)
 k - a +0 chain mail (worn)
 l - a +0 cloak (worn)
Wands
 h - a wand of light (10)
Scrolls
 e - 2 scrolls of identify
 f - 2 scrolls of blinking {unknown}
 i - a scroll of amnesia
 n - a scroll of summoning {unknown}
Potions
 d - a potion of might
 g - 2 potions of lignification
 j - a potion of haste {unknown}
 m - a potion of heal wounds {unknown}
 o - a potion of curing {unknown}


   Skills:
 - Level 6.0 Fighting
 + Level 2.2 Maces & Flails
 - Level 3.2 Armour
 - Level 3.2 Shields


You had 4 spell levels left.
You didn't know any spells.
Your spell library contained the following spells:

 Spells                   Type           Power      Damage    Failure   Level
 Summon Blazeheart Golem  Fire/Summ      0%         N/A       100%        4
 Orb of Destruction       Conj           0%         9d5       100%        7
 Spellforged Servitor     Conj/Summ      0%         N/A       100%        7


Dungeon Overview and Level Annotations

Branches:
Dungeon (3/15)

Altars:


Innate Abilities, Weirdness & Mutations

You are immune to sickness and miasma.
Your stone body is resilient. (AC +4)
You are immune to poison.
You resist negative energy. (rN+)
You are resistant to electric shocks. (rElec)
You are resistant to unholy torment.
You are immune to petrification.


Message History

You kill the bat!
The endoplasm freezes you.
You are frozen.
The endoplasm hits you but does no damage.
You barely miss the endoplasm.
The bombardier beetle sprays incendiary fluid at you.
The burning spray hits you.
You are covered in liquid fire!
The endoplasm hits you but does no damage.
You sock the endoplasm!
You kill the endoplasm!
The liquid fire burns you!
You shake off some of the fire as you move.
The liquid fire burns you!
Found a spear.
You shake off some of the fire as you move.
The liquid fire burns you!
You are too injured to fight recklessly!
You are too injured to fight recklessly!
You are too injured to fight recklessly!
You are too injured to fight recklessly!
You are too injured to fight recklessly!
You are too injured to fight recklessly!
You are too injured to fight recklessly!
You are too injured to fight recklessly!
You are too injured to fight recklessly!
You are too injured to fight recklessly!
You are too injured to fight recklessly!
You are too injured to fight recklessly!
You are too injured to fight recklessly!
You hit the bombardier beetle.
The bombardier beetle is moderately wounded.
The liquid fire burns you!
* * * LOW HITPOINT WARNING * * *
The bombardier beetle bites you.
* * * LOW HITPOINT WARNING * * *
You barely miss the bombardier beetle.
The bombardier beetle is moderately wounded.
The liquid fire burns you!
You die...

#.#####.# ###########
......#.######### ...
#....#......# #..
#....####.# . #.##.# #.#
..#######.##..# #.#
P........†##..# #.######
♣♣............>##.......
♣.P....@.###.#.#########
.......B.# #.#.#
P..#.....# #.#.# #.
#.....# . #......
####.... #.... #.)...


You could see a bombardier beetle.

Vanquished Creatures
  Terence (D:2)
  An adder (D:2)
  5 endoplasms
  2 giant cockroaches (D:1)
  4 hobgoblins (D:1)
  6 jackals (D:2)
  7 kobolds
  6 ball pythons
  3 bats
  5 frilled lizards
  4 goblins
  5 rats
49 creatures vanquished.

Notes
Turn   | Place    | Note
-------+----------+-------------------------------------------
     0 | D:1      | Alarak the Gargoyle Fighter began the quest for the Orb.
     0 | D:1      | Reached XP level 1. HP: 14/14 MP: 1/1
   121 | D:1      | Reached XP level 2. HP: 19/20 MP: 2/2
   122 | D:1      | Reached skill level 4 in Fighting
   310 | D:1      | Reached XP level 3. HP: 19/24 MP: 3/3
   663 | D:1      | Reached skill level 5 in Fighting
  1120 | D:2      | Reached XP level 4. HP: 30/31 MP: 4/4
  1141 | D:2      | Noticed Terence
  1152 | D:2      | Killed Terence
  1347 | D:2      | Reached skill level 6 in Fighting
  1860 | D:3      | Reached XP level 5. HP: 36/36 MP: 5/5
  1868 | D:3      | Incinerated by a bombardier beetle

Illustrated notes

Levels and vault maps discovered:
D:1:      eino_arrival_cavern_a, layout_basic
D:2:      layout_basic, uniq_terence
D:3:      layout_basic, mainiacjoe_overflow_concentric_impassable,
          basic_ecumenical_altar, serial_forest, infiniplex_forest_lined_room_,
          infiniplex_forest_clump_tiny, infiniplex_forest_corner_1,
          infiniplex_forest_clump_cross, infiniplex_forest_clump_double,
          infiniplex_forest_end_2, infiniplex_forest_clump_medium

Skill      XL: |  1  2  3  4 |
---------------+-------------+-----
Fighting       | 4 5 6 |  6.0
Maces & Flails | |  2.2
Armour         | |  3.2
Shields        | |  3.2

Action                     |  1- 3 |  4- 6 || total
---------------------------+-------+-------++-------
  Melee: Flail             |   106 |    63 ||   169
    Use: Scroll            |       |     4 ||     4
 Armour: Scale mail        |    58 |       ||    58
         Chain mail        |    14 |    57 ||    71
  Dodge: Dodged            |    38 |    29 ||    67
  Block: Buckler           |    22 |    12 ||    34

Table legend: (Time is in decaauts)
 A = Elapsed time spent in this place.
 B = Non-inter-level travel time spent in this place.
 C = Inter-level travel time spent in this place.
 D = Time resting spent in this place.
 E = Time spent auto-exploring this place.
 F = Levels seen in this place.
 G = Mean time per level.
                   A        B        C        D        E       F      G
               +--------+--------+--------+--------+--------+-----+--------+
         Total |   1923 |   1816 |    107 |      0 |   1407 |   3 |  641.0 |
       Dungeon |   1923 |   1816 |    107 |      0 |   1407 |   3 |  641.0 |
               +--------+--------+--------+--------+--------+-----+--------+

Top non-repeatable levels by time:
     D:1: 1075 daAuts
     D:2: 772 daAuts
     D:3: 74 daAuts
